 Dungeon Crawl Stone Soup version 0.23.2-40-g277498a001 (webtiles) character file.

Game seed: 4689545942200693738

350 Leekoo the Ducker (level 6, -3/51 HPs)
             Began as a Merfolk Abyssal Knight on Sept 28, 2019.
             Was a Follower of Lugonu.
             Slain by a worker ant (4 damage)
             ... on level 5 of the Dungeon.
             The game lasted 00:34:35 (5865 turns).

Leekoo the Ducker (Merfolk Abyssal Knight)          Turns: 5865, Time: 00:34:35

Health: -3/51      AC: 10    Str: 15    XL:     6   Next: 61%
Magic:  9/9        EV: 12    Int: 11    God:    Lugonu [*.....]
Gold:   150        SH:  0    Dex: 13    Spells: 5/5 levels left

rFire    . . .     SeeInvis .   a - +1 spear
rCold    . . .     Gourm    .   (no shield)
rNeg     + . .     Faith    .   m - +1 scale mail
rPois    .         Spirit   .   (no helmet)
rElec    .         Reflect  .   z - +2 cloak
rCorr    .         Harm     .   (no gloves)
MR       .....                  (no boots)
Stlth    ..........             p - amulet of the acrobat
HPRegen  0.17/turn              h - ring of positive energy
MPRegen  0.11/turn              (no ring)

@: lethally poisoned (-3 -> -13)
A: change form in water, swift swim, stealthy swim
a: Depart the Abyss, Renounce Religion


You were on level 5 of the Dungeon.
You worshipped Lugonu.
Lugonu was aware of your devotion.
You were not hungry.

You visited 1 branch of the dungeon, and saw 6 of its levels.
You visited the Abyss 1 time.

You collected 150 gold pieces.

Inventory:

Hand Weapons
 a - a +1 spear (weapon)
Armour
 b - a +0 leather armour
 f - a +1 robe of fire resistance
 m - a +1 scale mail (worn)
 z - a +2 cloak (worn)
Jewellery
 h - a ring of positive energy (left hand)
 p - an amulet of the acrobat (around neck)
Wands
 q - a wand of disintegration (16)
 r - a wand of digging (5)
Scrolls
 s - a scroll of fear
 t - a scroll of random uselessness {unknown}
 y - a scroll of remove curse {unknown}
Potions
 e - a potion of magic {unknown}
 g - a potion of agility {unknown}
 i - a potion of heal wounds {unknown}
 j - a potion of mutation {unknown}
 k - 3 potions of curing
 l - a potion of lignification {unknown}
 n - a potion of ambrosia {unknown}
 o - 2 potions of berserk rage
 u - a potion of brilliance {unknown}
 v - a potion of might {unknown}
 w - 2 potions of flight {unknown}
Comestibles
 c - 6 rations


   Skills:
 + Level 5.2 Fighting
 - Level 3.0 Polearms
 - Level 0.6 Armour
 + Level 5.6 Dodging
 + Level 4.5 Invocations


You had 5 spell levels left.
You didn't know any spells.
Your spell library was empty.

Dungeon Overview and Level Annotations

Branches:
Dungeon (6/15)
 Temple: D:4-7

Altars:
Gozag
Sif Muna
Vehumet

Shops:
D:2 *

Annotations:
D:3 exclusion: 2 downstairs
D:4 exclusions: ogre and upstairs, Dowan, Duvessa
D:5 Menkaure


Message History

The worker ant is heavily wounded.
You feel sick. The worker ant barely misses you.
You closely miss the worker ant.
The worker ant is heavily wounded.
The worker ant bites you but does no damage.
You hit the worker ant but do no damage.
The worker ant is heavily wounded.
You feel sick. The worker ant bites you.
* * * LOW HITPOINT WARNING * * *
You hit the worker ant.
The worker ant is almost dead.
The worker ant bites you.
* * * LOW HITPOINT WARNING * * *
You are more poisoned.
The worker ant poisons you!
You hit the worker ant.
The worker ant is almost dead.
* * * LOW HITPOINT WARNING * * *
You feel sick. The worker ant bites you.
You die...

####.#.###.##.##.#
...........##.##.#
####.#.######.##.#
#.#.# ###.##.#
#.#.# #...##.#
#.#.# #.####.#
####.#.# #.# #.#
.......# #.# #.#
##.##### #.# #@#
#...## #.# #a#
.###.######.####M#
.# #.<.........o.#
.###.#####..######
#...## #.##
##.##### #.#
#.....# #.#
#####.# #.#


You could see Menkaure, a worker ant and an orc.

Vanquished Creatures
  An orc warrior (D:5)
  A quasit (D:4)
  2 hounds (D:5)
  An orc wizard (D:5)
  A worker ant (D:5)
  A worker ant zombie (D:4)
  4 adders
  2 dart slugs (D:1)
  5 leopard geckos
  3 orcs
  3 giant cockroaches
  A goblin (D:2)
  4 hobgoblins
  8 jackals
  6 kobolds
  6 bats
  2 frilled lizards
  A jackal skeleton (D:6)
  A jackal zombie (D:5)
  A leopard gecko zombie (D:5)
  8 rats
62 creatures vanquished.

Vanquished Creatures (others)
  A worm (D:2)
  A goblin (D:2)
2 creatures vanquished.

Grand Total: 64 creatures vanquished

Notes
Turn   | Place    | Note
-------+----------+-------------------------------------------
     0 | Abyss:1  | Leekoo the Merfolk Abyssal Knight began the quest for the
                  | Orb.
     0 | Abyss:1  | Reached XP level 1. HP: 18/18 MP: 2/2
    73 | Abyss:1  | Noticed an ancient zyme
    74 | D:1      | Escaped the Abyss
   216 | D:1      | Reached XP level 2. HP: 24/24 MP: 3/3
   416 | D:2      | Reached * piety under Lugonu
   648 | D:1      | Reached XP level 3. HP: 30/30 MP: 4/4
   987 | D:2      | Found Gozag's Platinum Reserve.
   987 | D:2      | Found an opulent altar of Gozag.
  1176 | D:2      | Found a radiant altar of Vehumet.
  1800 | D:3      | Reached XP level 4. HP: 27/37 MP: 6/6
  2129 | D:3      | Found a deep blue altar of Sif Muna.
  2890 | D:5      | Entered Level 5 of the Dungeon
  3023 | D:4      | Noticed an ogre
  3076 | D:4      | Reached XP level 5. HP: 31/43 MP: 7/7
  3161 | D:4      | Noticed an ogre
  3327 | D:4      | Noticed Menkaure
  3405 | D:4      | Noticed Duvessa
  3405 | D:4      | Noticed Dowan
  4672 | D:5      | Reached skill level 5 in Dodging
  5649 | D:5      | Reached XP level 6. HP: 42/50 MP: 9/9
  5714 | D:5      | Noticed an orc warrior
  5718 | D:5      | Killed an orc warrior
  5718 | D:5      | Reached skill level 5 in Fighting
  5741 | D:5      | Noticed an ice beast
  5864 | D:5      | HP: 2/51 [worker ant (5)]
  5865 | D:5      | Slain by a worker ant

Skill      XL: |  1  2  3  4  5  6 |
---------------+-------------------+-----
Dodging        | 3 4 5 |  5.6
Fighting       | 4 5 |  5.2
Invocations    | 3 4 |  4.5
Polearms       | |  3.0
Armour         | |  0.6

Action                   |  1- 3 |  4- 6 || total
-------------------------+-------+-------++-------
Melee: Spear             |   118 |   235 ||   353
Invok: Depart the Abyss  |     1 |       ||     1
Evoke: Wand              |       |     2 ||     2
  Use: Scroll            |     7 |     7 ||    14
       Potion            |       |     1 ||     1
  Eat: Chunk             |     3 |     9 ||    12
       Ration            |       |     1 ||     1
Armor: Leather armour    |    15 |       ||    15
       Scale mail        |     9 |   133 ||   142
Dodge: Dodged            |    46 |   165 ||   211
